 Dungeon Crawl Stone Soup version 0.26.1-2-gb8aa6d0cf2 (webtiles) character file.

Game seed: 2103571713668815630

588 promet the Chopper (level 7, -3/38 HPs)
             Began as a Vine Stalker Fighter on Feb 18, 2021.
             Slain by an ogre
             ... wielding a +0 giant club
              (7 damage)
             ... on level 4 of the Dungeon.
             The game lasted 00:22:10 (4187 turns).

promet the Chopper (Vine Stalker Fighter)           Turns: 4187, Time: 00:22:11

Health: -3/38      AC: 12    Str: 19    XL:     7   Next: 38%
Magic:  0/8        EV:  7    Int:  8    God:
Gold:   219        SH:  9    Dex: 15    Spells: 6/6 levels left

rFire    . . .     SeeInvis +   a - +0 war axe
rCold    . . .     Faith    .   c - +0 kite shield
rNeg     . . .     Spirit   +   d - +0 scale mail
rPois    .         Reflect  .   p - +2 helmet
rElec    .         Harm     .   m - +1 cloak
rCorr    .         Rampage  .   (no gloves)
Will     .....                  (no boots)
Stlth    ..........             (no amulet)
HPRegen  0.52/turn              n - ring of see invisible
MPRegen  0.11/turn              q - ring of flight

@: no status effects
A: fangs 2, regeneration 1, magic shield, antimagic bite, no potion heal 3
a: Evoke Flight


You were on level 4 of the Dungeon.
You visited 1 branch of the dungeon, and saw 5 of its levels.

You collected 219 gold pieces.

Inventory:

Hand Weapons
 a - a +0 war axe (weapon)
 b - a +0 hunting sling
 e - a +4 dagger
 j - a +2 whip of draining
 l - a +0 spear
 v - a +1 hand axe of holy wrath
Missiles
 h - 192 stones
 i - 74 arrows
 k - 7 poisoned darts (quivered)
 r - 4 javelins
 w - 15 sling bullets
Armour
 c - a +0 kite shield (worn)
 d - a +0 scale mail (worn)
 m - a +1 cloak (worn)
 p - a +2 helmet (worn)
Jewellery
 n - a ring of see invisible (left hand)
 q - a ring of flight (right hand)
Scrolls
 g - 2 scrolls of magic mapping
 o - a scroll of identify
 s - a scroll of enchant armour
 t - 2 scrolls of teleportation
Potions
 f - 3 potions of curing


   Skills:
 * Level 4.7 Fighting
 + Level 5.0 Axes
 + Level 0.6(1.0) Slings
 + Level 1.0(1.1) Throwing
 + Level 3.0 Armour
 + Level 1.1 Dodging
 + Level 0.1 Stealth
 + Level 3.0 Shields


You had 6 spell levels left.
You didn't know any spells.
Your spell library was empty.

Dungeon Overview and Level Annotations

Branches:
Dungeon (5/15)
 Temple: D:4-7

Altars:


Innate Abilities, Weirdness & Mutations

You have extremely sharp teeth.
Your natural rate of healing is unusually fast.
When hurt, damage is shared between your health and your magic reserves.
Your bite disrupts and absorbs the magic of your enemies.
Potions cannot restore your health.


Message History

The ogre is heavily wounded.
You block the ogre's attack.
You closely miss the ogre.
The ogre is heavily wounded.
You block the ogre's attack.
You hit the ogre. Your bite misses the ogre.
The ogre is severely wounded.
The ogre hits you with a +0 giant club!
You barely miss the ogre.
The ogre is severely wounded.
The ogre hits you with a +0 giant club!
You hit the ogre. You bite the ogre, but do no damage.
The ogre is almost dead.
The ogre hits you with a +0 giant club!
* * * LOW HITPOINT WARNING * * *
You hit the ogre. You bite the ogre. You drain its power.
You feel invigorated.
The ogre is almost dead.
The orc priest looks encouraged for a moment.
The ogre hits you with a +0 giant club!
You die...

####.#.#..#####
#....#....#.... #
#######.#########.### #
#....##.#.........# # #
#.##.#..#.######### # #
#.##o#.##.#...# #
#############.##o#......#.#
#
......o.oO†.O.##O#.#....#.#
#
##########....##@#..>.#.#.#
# # #....##.#.##.#.#.#
##### #######.#......#.#
#.... #.#..#####.###.###
#.#...†..#.....#
#.##.###.####### #....# #.#
###### #.# #.#


You could see an ogre, an orc priest and an orc.

Vanquished Creatures
  A sky beast (D:4)
  A phantom (D:4)
  An orc priest (D:3)
  Jessica (D:3)
  An iguana (D:5)
  Terence (D:2)
  3 worker ants
  Robin (D:2)
  A howler monkey skeleton (D:2)
  5 gnolls
  3 adders
  2 oozes
  2 worms (D:3)
  6 leopard geckos
  4 orcs
  7 giant cockroaches
  17 goblins
  12 hobgoblins
  14 jackals
  9 kobolds
  3 quokkas (D:3)
  2 ball pythons
  8 bats
  7 frilled lizards
  A leopard gecko skeleton (D:4)
  7 rats
120 creatures vanquished.

Notes
Turn   | Place    | Note
-------+----------+-------------------------------------------
     0 | D:1      | promet the Vine Stalker Fighter began the quest for the
                  | Orb.
     0 | D:1      | Reached XP level 1. HP: 11/11 MP: 2/2
   179 | D:1      | Reached skill level 2 in Axes
   179 | D:1      | Reached XP level 2. HP: 3/16 MP: 3/3
  1003 | D:1      | Reached XP level 3. HP: 20/20 MP: 4/4
  1874 | D:2      | Reached skill level 3 in Axes
  1874 | D:2      | Gained mutation: Your natural rate of healing is unusually
                  | fast. [Vine Stalker growth]
  1874 | D:2      | Reached XP level 4. HP: 24/24 MP: 5/5
  1957 | D:2      | Reached XP level 5. HP: 28/28 MP: 6/6
  2129 | D:2      | Noticed Robin
  2149 | D:2      | Killed Robin
  2318 | D:2      | Noticed Terence
  2329 | D:2      | Killed Terence
  2800 | D:3      | Noticed Jessica
  2828 | D:3      | Killed Jessica
  2865 | D:3      | Reached XP level 6. HP: 33/33 MP: 5/7
  3031 | D:3      | Reached skill level 1 in Throwing
  3127 | D:3      | Reached skill level 4 in Axes
  3382 | D:3      | Found a faded altar of an unknown god.
  3860 | D:4      | Noticed a sky beast
  3869 | D:4      | Killed a sky beast
  4025 | D:4      | Noticed a phantom
  4042 | D:4      | Killed a phantom
  4043 | D:4      | Reached XP level 7. HP: 38/38 MP: 8/8
  4144 | D:5      | Entered Level 5 of the Dungeon
  4154 | D:5      | Reached skill level 5 in Axes
  4162 | D:5      | Reached skill level 1 in Dodging
  4187 | D:4      | Slain by an ogre

Illustrated notes

Levels and vault maps discovered:
D:1:      dpeg_arrival_circle_labyrinth_c, layout_basic
D:2:      layout_basic, minivault_4, uniq_terence, uniq_robin
D:3:      layout_basic, chequers_ecumenical_altar_simple_redux, uniq_jessica
D:4:      layout_basic, overflow_temple_1_default, old_standard_altar,
          hangedman_minor_gate_pass
D:5:      layout_gridville, nicolae_ru_path_of_blood, basic_altar

Skill      XL: |  1  2  3  4  5  6  7 |
---------------+----------------------+-----
Axes           | 2 3 4 5 |  5.0
Fighting       | 3 4 |  4.7
Throwing       | 1 |  1.0
Shields        | 3 |  3.0
Armour         | 3 |  3.0
Dodging        | 1 |  1.1
Slings         | |  0.6
Stealth        | |  0.1

Action                   |  1- 3 |  4- 6 |  7- 9 || total
-------------------------+-------+-------+-------++-------
Melee: War axe           |    86 |   191 |    27 ||   304
       Bite              |    24 |    43 |     6 ||    73
 Fire: Hunting sling     |       |    11 |       ||    11
Throw: Stone             |     4 |     1 |       ||     5
       Dart              |       |     7 |       ||     7
       Throwing net      |       |     1 |       ||     1
  Use: Potion            |     1 |     1 |       ||     2
       Scroll            |       |     9 |     1 ||    10
Armor: Scale mail        |    34 |    74 |    11 ||   119
Dodge: Dodged            |    36 |    47 |     8 ||    91
Block: Kite shield       |    46 |    78 |    13 ||   137
